TOP OF THE 1ST |
University of Nebraska Cornhuskers batting - Pitching for Oregon State University Beavers : RHP Takao Yamada
|
Pitching: RHP Takao Yamada
|
|
Batting: RHB Mario Lopec
|
0-0: Called Strike 0-1: Called Strike 0-2: Foul Ball, location: 2F 0-2: Ball 1-2: Strikes out swinging
|
Batting: RHB Danny Forbes
|
0-0: Foul Ball, location: 2F 0-1: Ball 1-1: Fly out, F8 (Flyball, 8RM, EV 85.6 MPH)
|
Batting: RHB Zion Jones
|
0-0: Ball 1-0: Foul Ball, location: 2F 1-1: SINGLE (Groundball, 34D, EV 103.1 MPH)
|
Batting: LHB Jose Gonzalez
|
0-0: Called Strike Zion Jones steals 2nd base 0-1: Ball 1-1: Ball 2-1: SINGLE (Groundball, 56D, EV 98.8 MPH) Zion Jones to third Runner from 3rd tries for Home, SAFE, throw by LF to home
|
Batting: RHB Chris Anthony
|
0-0: Called Strike 0-1: Foul Ball, location: 2F 0-2: Strikes out swinging
|
Top of the 1st over - 1 run, 2 hits, 0 errors, 1 left on base; University of Nebraska 1 - Oregon State University 0 |
BOTTOM OF THE 1ST |
Oregon State University Beavers batting - Pitching for University of Nebraska Cornhuskers : RHP Harry Harper
|
Pitching: RHP Harry Harper
|
|
Batting: LHB Sun-wei Kuai
|
0-0: Swinging Strike 0-1: Called Strike 0-2: Foul Ball, location: 2F 0-2: Ball 1-2: Ball 2-2: Foul Ball, location: 2F 2-2: Ball 3-2: Base on Balls
|
Batting: RHB Yasuyuki Moriyama
|
0-0: Swinging Strike 0-1: Ball 1-1: Ball 2-1: Called Strike 2-2: Strikes out swinging
|
Batting: RHB Luis Flores
|
0-0: Ball Sun-wei Kuai is caught stealing 2nd base 2-4 1-0: Foul Ball, location: 2F 1-1: SINGLE (Line Drive, 9LS, EV 93.1 MPH)
|
Batting: RHB Steve Webb
|
0-0: Ball 1-0: Called Strike 1-1: Ball 2-1: Ball 3-1: Foul Ball, location: 2F 3-2: Foul Ball, location: 2F 3-2: Strikes out looking
|
Bottom of the 1st over - 0 runs, 1 hit, 0 errors, 1 left on base; University of Nebraska 1 - Oregon State University 0 |
TOP OF THE 2ND |
University of Nebraska Cornhuskers batting - Pitching for Oregon State University Beavers : RHP Takao Yamada
|
Batting: LHB Bob Appleby
|
0-0: Called Strike 0-1: Called Strike 0-2: Strikes out swinging
|
Batting: RHB Matt Peters
|
0-0: Called Strike 0-1: Ground out 6-3 (Groundball, 6, EV 106.9 MPH)
|
Batting: LHB Mike Rawson
|
0-0: Swinging Strike 0-1: Foul Ball, location: 2F 0-2: Ball 1-2: Foul Ball, location: 2F 1-2: Strikes out swinging
|
Top of the 2nd over - 0 runs, 0 hits, 0 errors, 0 left on base; University of Nebraska 1 - Oregon State University 0 |
BOTTOM OF THE 2ND |
Oregon State University Beavers batting - Pitching for University of Nebraska Cornhuskers : RHP Harry Harper
|
Batting: RHB Willie Lopez
|
0-0: Called Strike 0-1: Ball 1-1: Fly out, F8 (Flyball, 8RD, EV 98.8 MPH)
|
Batting: LHB Jason Trevarrow
|
0-0: Foul Ball, location: 2F 0-1: Swinging Strike 0-2: Ball 1-2: Strikes out looking
|
Batting: LHB Jon Hamilton
|
0-0: Ball 1-0: Ball 2-0: Called Strike 2-1: Foul Ball, location: 2F 2-2: TRIPLE (Groundball, 3L, EV 104.4 MPH)
|
Batting: SHB Sosaia Apelahama
|
0-0: Ball 1-0: Foul Ball, location: 2F 1-1: Ground out 6-3 (Groundball, 56, EV 78.1 MPH)
|
Bottom of the 2nd over - 0 runs, 1 hit, 0 errors, 1 left on base; University of Nebraska 1 - Oregon State University 0 |
TOP OF THE 3RD |
University of Nebraska Cornhuskers batting - Pitching for Oregon State University Beavers : RHP Takao Yamada
|
Batting: RHB Tariq Garane
|
0-0: Called Strike 0-1: DOUBLE (Groundball, 5L, EV 106.2 MPH)
|
Batting: RHB Mario Lopec
|
0-0: SINGLE (Groundball, 6MD, EV 95.0 MPH) Tariq Garane to third Runner from 3rd tries for Home, throw by CF and OUT! 8-2 Mario Lopec to second
|
Batting: RHB Danny Forbes
|
0-0: Ball 1-0: Ball 2-0: Foul Ball, location: 2F 2-1: Ball 3-1: Ground out 4-3 (Groundball, 4, EV 85.0 MPH) Mario Lopec to third
|
Batting: RHB Zion Jones
|
0-0: Ball 1-0: Ball 2-0: Ball 3-0: Called Strike 3-1: Called Strike 3-2: Ground out U3 (Groundball, 34, EV 85.0 MPH)
|
Top of the 3rd over - 0 runs, 2 hits, 0 errors, 1 left on base; University of Nebraska 1 - Oregon State University 0 |
BOTTOM OF THE 3RD |
Oregon State University Beavers batting - Pitching for University of Nebraska Cornhuskers : RHP Harry Harper
|
Batting: RHB Kali Kartosuwiryo
|
0-0: Ball 1-0: Called Strike 1-1: Ball 2-1: Foul Ball, location: 2F 2-2: Foul Ball, location: 2F 2-2: Ball 3-2: Foul Ball, location: 2F 3-2: Ground out 6-3 (Groundball, 6, EV 86.2 MPH)
|
Batting: LHB Sun-wei Kuai
|
0-0: Called Strike 0-1: Foul Ball, location: 2F 0-2: Fly out, F9 (Flyball, 9D, EV 103.1 MPH)
|
Batting: RHB Yasuyuki Moriyama
|
0-0: Called Strike 0-1: Ground out 6-3 (Groundball, 6, EV 85.0 MPH)
|
Bottom of the 3rd over - 0 runs, 0 hits, 0 errors, 0 left on base; University of Nebraska 1 - Oregon State University 0 |
TOP OF THE 4TH |
University of Nebraska Cornhuskers batting - Pitching for Oregon State University Beavers : RHP Takao Yamada
|
Batting: LHB Jose Gonzalez
|
0-0: Swinging Strike 0-1: Ball 1-1: Ball 2-1: SINGLE (Line Drive, 7LS, EV 101.9 MPH)
|
Batting: RHB Chris Anthony
|
0-0: Swinging Strike 0-1: Swinging Strike 0-2: Ball 1-2: Strikes out swinging
|
Batting: LHB Bob Appleby
|
0-0: Swinging Strike 0-1: Hit by Pitch Jose Gonzalez to second
|
Batting: RHB Matt Peters
|
0-0: Ball 1-0: Foul Ball, location: 2F 1-1: Ball 2-1: Foul Ball, location: 2F 2-2: Foul Ball, location: 2F 2-2: Foul Ball, location: 2F 2-2: Fly out, F8 (Flyball, 8RXD, EV 93.1 MPH) Runner from 2nd tags up, SAFE at 3rd, no throw by CF
|
Batting: LHB Mike Rawson
|
0-0: Ball 1-0: Ball 2-0: Called Strike 2-1: Ground out 5-3 (Groundball, 56, EV 101.9 MPH)
|
Top of the 4th over - 0 runs, 1 hit, 0 errors, 2 left on base; University of Nebraska 1 - Oregon State University 0 |
BOTTOM OF THE 4TH |
Oregon State University Beavers batting - Pitching for University of Nebraska Cornhuskers : RHP Harry Harper
|
Batting: RHB Luis Flores
|
0-0: Ground out 5-3 (Groundball, 56S, EV 80.0 MPH)
|
Batting: RHB Steve Webb
|
0-0: Swinging Strike 0-1: Foul Ball, location: 2F 0-2: Foul Ball, location: 2F 0-2: Ball 1-2: Foul Ball, location: 2F 1-2: Strikes out swinging
|
Batting: RHB Willie Lopez
|
0-0: Ball 1-0: Foul Ball, location: 2F 1-1: Fly out, F9 (Flyball, 9D, EV 89.4 MPH)
|
Bottom of the 4th over - 0 runs, 0 hits, 0 errors, 0 left on base; University of Nebraska 1 - Oregon State University 0 |
TOP OF THE 5TH |
University of Nebraska Cornhuskers batting - Pitching for Oregon State University Beavers : RHP Takao Yamada
|
Batting: RHB Tariq Garane
|
0-0: Ball 1-0: Ball 2-0: Ball 3-0: Called Strike 3-1: Foul Ball, location: 2F 3-2: Ground out 5-3 (Groundball, 5, EV 101.9 MPH)
|
Batting: RHB Mario Lopec
|
0-0: Ball 1-0: Ball 2-0: Ball 3-0: SINGLE (Line Drive, 8LS, EV 93.8 MPH)
|
Batting: RHB Danny Forbes
|
0-0: Called Strike Mario Lopec steals 2nd base 0-1: Foul Ball, location: 2F 0-2: Ball 1-2: Ball 2-2: Ball 3-2: Foul Ball, location: 2F 3-2: Fly out, F8 (Flyball, 89XD, EV 102.5 MPH) Runner from 2nd tags up, SAFE at 3rd, no throw by CF
|
Pitching: RHP Josh Palmquist
|
|
Batting: RHB Zion Jones
|
0-0: Swinging Strike 0-1: Ball 1-1: SINGLE (Groundball, 4S, EV 65.6 MPH) (infield hit) Mario Lopec scores
|
Batting: LHB Jose Gonzalez
|
0-0: Ball 1-0: Swinging Strike 1-1: Foul Ball, location: 2F 1-2: Foul Ball, location: 2F 1-2: Fielders Choice at 2nd, 6-4 (Groundball, 6, EV 105.0 MPH)
|
Top of the 5th over - 1 run, 2 hits, 0 errors, 1 left on base; University of Nebraska 2 - Oregon State University 0 |
BOTTOM OF THE 5TH |
Oregon State University Beavers batting - Pitching for University of Nebraska Cornhuskers : RHP Harry Harper
|
Batting: LHB Jason Trevarrow
|
0-0: Called Strike 0-1: Ball 1-1: Swinging Strike 1-2: Ball 2-2: Strikes out swinging
|
Batting: LHB Jon Hamilton
|
0-0: Swinging Strike 0-1: Ball 1-1: Foul Ball, location: 2F 1-2: Foul Ball, location: 2F 1-2: Ground out 4-3 (Groundball, 4, EV 108.1 MPH)
|
Batting: SHB Sosaia Apelahama
|
0-0: Swinging Strike 0-1: Ground out 6-3 (Groundball, 6, EV 96.2 MPH)
|
Bottom of the 5th over - 0 runs, 0 hits, 0 errors, 0 left on base; University of Nebraska 2 - Oregon State University 0 |
TOP OF THE 6TH |
University of Nebraska Cornhuskers batting - Pitching for Oregon State University Beavers : RHP Josh Palmquist
|
Batting: RHB Chris Anthony
|
0-0: DOUBLE (Groundball, 5L, EV 103.8 MPH)
|
Batting: LHB Bob Appleby
|
0-0: Called Strike 0-1: Ball 1-1: 2-RUN HOME RUN (Flyball, 9D, EV 96.2 MPH), Distance : 380 ft
|
Batting: RHB Matt Peters
|
0-0: Called Strike 0-1: Foul Ball, location: 2F 0-2: Ground out 6-3 (Groundball, 6, EV 80.0 MPH)
|
Batting: LHB Mike Rawson
|
0-0: Ball 1-0: SINGLE (Groundball, 6M, EV 104.4 MPH) (infield hit)
|
Batting: RHB Tariq Garane
|
0-0: Grounds into double play, 1-4-3 (Groundball, 15, EV 72.5 MPH)
|
Top of the 6th over - 2 runs, 3 hits, 0 errors, 0 left on base; University of Nebraska 4 - Oregon State University 0 |
BOTTOM OF THE 6TH |
Oregon State University Beavers batting - Pitching for University of Nebraska Cornhuskers : RHP Harry Harper
|
Batting: RHB Kali Kartosuwiryo
|
0-0: Foul Ball, location: 2F 0-1: Ball 1-1: Swinging Strike 1-2: Ball 2-2: Strikes out swinging
|
Pitching: RHP Ferdi Limburg
|
|
Batting: LHB Sun-wei Kuai
|
0-0: Ball 1-0: Swinging Strike 1-1: Swinging Strike 1-2: Strikes out swinging
|
Batting: RHB Yasuyuki Moriyama
|
0-0: Ball 1-0: Ball 2-0: Called Strike 2-1: Ground out 5-3 (Groundball, 56S, EV 86.2 MPH)
|
Bottom of the 6th over - 0 runs, 0 hits, 0 errors, 0 left on base; University of Nebraska 4 - Oregon State University 0 |
TOP OF THE 7TH |
University of Nebraska Cornhuskers batting - Pitching for Oregon State University Beavers : RHP Josh Palmquist
|
Batting: RHB Mario Lopec
|
0-0: SOLO HOME RUN (Line Drive, 7D, EV 106.9 MPH), Distance : 401 ft
|
Batting: RHB Danny Forbes
|
0-0: Ball 1-0: Foul Ball, location: 2F 1-1: Swinging Strike 1-2: Strikes out swinging
|
Batting: RHB Zion Jones
|
0-0: Ball 1-0: Foul Ball, location: 2F 1-1: Ball 2-1: Foul Ball, location: 2F 2-2: Fly out, F8 (Flyball, 8RS, EV 75.6 MPH)
|
Batting: LHB Jose Gonzalez
|
0-0: Swinging Strike 0-1: Fly out, F7 (Flyball, 78S, EV 87.5 MPH)
|
Top of the 7th over - 1 run, 1 hit, 0 errors, 0 left on base; University of Nebraska 5 - Oregon State University 0 |
BOTTOM OF THE 7TH |
Oregon State University Beavers batting - Pitching for University of Nebraska Cornhuskers : RHP Ferdi Limburg
|
Batting: RHB Luis Flores
|
0-0: Called Strike 0-1: Ball 1-1: Foul Ball, location: 2F 1-2: Ball 2-2: Strikes out swinging
|
Batting: RHB Steve Webb
|
0-0: SINGLE (Groundball, 6M, EV 85.6 MPH) (infield hit)
|
Batting: RHB Willie Lopez
|
0-0: Called Strike 0-1: Swinging Strike 0-2: Fielders Choice at 2nd, 6-4 (Groundball, 6, EV 109.4 MPH)
|
Batting: LHB Jason Trevarrow
|
0-0: Ball 1-0: Foul Ball, location: 2F 1-1: Swinging Strike 1-2: Ball 2-2: Ground out 4-3 (Groundball, 34, EV 115.0 MPH)
|
Bottom of the 7th over - 0 runs, 1 hit, 0 errors, 1 left on base; University of Nebraska 5 - Oregon State University 0 |
TOP OF THE 8TH |
University of Nebraska Cornhuskers batting - Pitching for Oregon State University Beavers : RHP Josh Palmquist
|
Batting: RHB Chris Anthony
|
0-0: TRIPLE (Line Drive, 8LXD, EV 111.9 MPH)
|
Batting: LHB Bob Appleby
|
0-0: Called Strike 0-1: Ground out 6-3 (Groundball, 56, EV 90.0 MPH) Chris Anthony scores
|
Pitching: LHP Mark Sander
|
|
Batting: RHB Matt Peters
|
0-0: Foul Ball, location: 2F 0-1: Called Strike 0-2: Ball 1-2: Fly out, F8 (Flyball, 8RXD, EV 108.8 MPH)
|
Batting: LHB Mike Rawson
|
0-0: SINGLE (Groundball, 4MS, EV 66.2 MPH) (infield hit)
|
Batting: RHB Tariq Garane
|
0-0: Ball 1-0: Called Strike 1-1: Swinging Strike 1-2: Ball 2-2: Foul Ball, location: 2F 2-2: Foul Ball, location: 2F 2-2: Ball 3-2: Strikes out looking
|
Top of the 8th over - 1 run, 2 hits, 0 errors, 1 left on base; University of Nebraska 6 - Oregon State University 0 |
BOTTOM OF THE 8TH |
Oregon State University Beavers batting - Pitching for University of Nebraska Cornhuskers : RHP Ferdi Limburg
|
Batting: LHB Jon Hamilton
|
0-0: Foul Ball, location: 2F 0-1: Ball 1-1: Called Strike 1-2: Strikes out swinging, 2-3 out at first.
|
Batting: SHB Sosaia Apelahama
|
0-0: Called Strike 0-1: Foul Ball, location: 2F 0-2: Strikes out looking
|
Batting: RHB Kali Kartosuwiryo
|
0-0: Foul Ball, location: 2F 0-1: Called Strike 0-2: SINGLE (Groundball, 56D, EV 98.8 MPH)
|
Batting: LHB Sun-wei Kuai
|
0-0: Ball 1-0: Called Strike 1-1: Swinging Strike 1-2: Ball 2-2: Strikes out swinging
|
Bottom of the 8th over - 0 runs, 1 hit, 0 errors, 1 left on base; University of Nebraska 6 - Oregon State University 0 |
TOP OF THE 9TH |
University of Nebraska Cornhuskers batting - Pitching for Oregon State University Beavers : LHP Mark Sander
|
Batting: RHB Mario Lopec
|
0-0: Ground out 5-3 (Groundball, 15, EV 81.9 MPH)
|
Batting: RHB Danny Forbes
|
0-0: Ball 1-0: Foul Ball, location: 2F 1-1: Ball 2-1: Ball 3-1: Ground out 6-3 (Groundball, 6, EV 101.9 MPH)
|
Batting: RHB Zion Jones
|
0-0: Ball 1-0: Foul Ball, location: 2F 1-1: Fly out, F2 (Popup, 2LF, EV 88.1 MPH)
|
Top of the 9th over - 0 runs, 0 hits, 0 errors, 0 left on base; University of Nebraska 6 - Oregon State University 0 |
BOTTOM OF THE 9TH |
Oregon State University Beavers batting - Pitching for University of Nebraska Cornhuskers : RHP Ferdi Limburg
|
Batting: RHB Yasuyuki Moriyama
|
0-0: Called Strike 0-1: Swinging Strike 0-2: Reached on error, E6 (Groundball, 6, EV 75.6 MPH)
|
Batting: RHB Luis Flores
|
0-0: Ball 1-0: Ball 2-0: Ball 3-0: Called Strike 3-1: Base on Balls Yasuyuki Moriyama to second
|
Batting: RHB Steve Webb
|
0-0: Ball 1-0: Grounds into double play, 1-6-3 (Groundball, 13S, EV 65.6 MPH) Yasuyuki Moriyama to third
|
Batting: RHB Willie Lopez
|
0-0: Swinging Strike 0-1: Swinging Strike 0-2: Ground out 4-3 (Groundball, 4, EV 108.1 MPH)
|
Bottom of the 9th over - 0 runs, 0 hits, 1 error, 1 left on base; University of Nebraska 6 - Oregon State University 0 |
|